 Dungeon Crawl Stone Soup version 0.22-a0-515-g75794bf (webtiles) character file.

228 stealthycow the Chopper (level 6, -11/53 HPs)
             Began as a Hill Orc Fighter on June 19, 2018.
             Mangled by an ogre
             ... wielding a +0 giant spiked club
              (19 damage)
             ... on level 4 of the Dungeon.
             The game lasted 00:04:06 (3129 turns).

stealthycow the Chopper (Hill Orc Fighter)          Turns: 3129, Time: 00:04:07

Health: -11/53     AC:  9    Str: 20    XL:     6   Next: 2%
Magic:  6/6        EV:  5    Int:  8    God:
Gold:   162        SH:  9    Dex: 11    Spells: 5/5 levels left

rFire    . . .     SeeInvis .   a - +1 war axe
rCold    . . .     Gourm    .   c - +0 shield
rNeg     . . .     Faith    .   l - +0 chain mail
rPois    .         Spirit   .   (no helmet)
rElec    .         Reflect  .   (no cloak)
rCorr    .         Harm     .   (no gloves)
MR       .....                  (no boots)
Stlth    ..........             (no amulet)
HPRegen  0.17/turn              (no ring)
MPRegen  0.10/turn              (no ring)

@: no status effects
A: no striking features
a: no special abilities


You were on level 4 of the Dungeon.
You were not hungry.

You visited 1 branch of the dungeon, and saw 4 of its levels.

You collected 162 gold pieces.

Inventory:

Hand Weapons
 a - a +1 war axe (weapon)
Armour
 c - a +0 shield (worn)
 l - a +0 chain mail (worn)
Scrolls
 b - a scroll of teleportation {unknown}
 g - 2 scrolls of identify
 i - 2 scrolls of magic mapping {unknown}
 j - a scroll of amnesia {unknown}
 o - a scroll of remove curse
 p - a scroll of fog {unknown}
 r - 2 scrolls of enchant weapon
 u - a scroll of enchant armour {unknown}
Potions
 d - 2 potions of might
 e - a potion of magic {unknown}
 h - a potion of agility {unknown}
 k - 3 potions of curing
 m - a potion of resistance {unknown}
 q - a potion of cancellation {unknown}
 s - a potion of flight {unknown}
 t - a potion of lignification {unknown}
Comestibles
 f - 11 rations
 n - 6 chunks of flesh


   Skills:
 + Level 4.7 Fighting
 * Level 5.4 Axes
 + Level 4.3 Armour
 + Level 4.2 Shields


You had 5 spell levels left.
You didn't know any spells.
Your spell library was empty.

Dungeon Overview and Level Annotations

Branches:
Dungeon (4/15)
 Temple: D:4-7

Altars:
Elyvilon


Message History

The ogre hits you with a giant spiked club!!
You slash the ogre!
The ogre is heavily wounded.
The ogre hits you with a giant spiked club.
You are too injured to fight recklessly!
You are too injured to fight recklessly!
You are too injured to fight recklessly!
You are too injured to fight recklessly!
You hit the ogre.
The ogre is heavily wounded.
The ogre hits you with a giant spiked club!
* * * LOW HITPOINT WARNING * * *
Some of the chunks of flesh in your inventory have rotted away.
You hit the ogre.
The ogre is severely wounded.
You block the ogre's attack.
You hit the ogre.
The ogre is severely wounded.
The ogre hits you with a giant spiked club!!
You die...

'.##.#..#.#.[.....######
####.####.###.#....[...#
# #.###...##..##.####.#
#.##.....##.##.#
#.....8.....##.#
.###.(.######.# #...##.
#.# #.<.##.###.####.#
#...##...@O......
###...###.#####....
+...8.....# .
##.....#### ##...##
##.## #+


You could see an ogre.

Vanquished Creatures
  A howler monkey (D:4)
  A bullfrog skeleton (D:4)
  2 worker ants (D:4)
  6 adders
  An ooze (D:1)
  A worm (D:3)
  A dart slug (D:2)
  3 leopard geckos
  4 orcs (D:4)
  2 ball pythons
  2 giant cockroaches
  5 goblins
  4 hobgoblins
  2 kobolds
  A quokka (D:2)
  7 bats
  4 frilled lizards
  6 rats
53 creatures vanquished.

Notes
Turn   | Place    | Note
-------+----------+-------------------------------------------
     0 | D:1      | stealthycow the Hill Orc Fighter began the quest for the Orb.
     0 | D:1      | Reached XP level 1. HP: 19/19 MP: 1/1
   152 | D:1      | Reached skill level 3 in Axes
   162 | D:1      | Reached XP level 2. HP: 27/27 MP: 2/2
   989 | D:2      | Found a white marble altar of Elyvilon.
  1020 | D:2      | Reached XP level 3. HP: 32/33 MP: 3/3
  1419 | D:2      | Reached skill level 4 in Axes
  1420 | D:2      | Reached XP level 4. HP: 40/40 MP: 4/4
  2779 | D:4      | Reached XP level 5. HP: 46/47 MP: 5/5
  2888 | D:4      | Reached skill level 5 in Axes
  2975 | D:4      | Reached XP level 6. HP: 50/53 MP: 6/6
  3129 | D:4      | Mangled by an ogre

Vault maps used:
D:1:      ebering_hopf_link
D:2:      elyvilon_altar_4
D:3:      first_ration, serial_forest, infiniplex_forest_straight_1,
          infiniplex_forest_lined_2, infiniplex_forest_corner_2,
          infiniplex_forest_lined_room_, infiniplex_forest_clump_small,
          infiniplex_forest_zigzag_1, infiniplex_forest_lined_3
D:4:      nrook_uturn, grunt_ministairs_15, hangedman_glass_teeth,
          minmay_shop_grid_forest

Skill      XL: |  1  2  3  4  5 |
---------------+----------------+-----
Axes           | 3 4 5 |  5.4
Fighting       | 4 |  4.7
Armour         | 4 |  4.3
Shields        | 4 |  4.2

Action                   |  1- 3 |  4- 6 || total
-------------------------+-------+-------++-------
Melee: War axe           |    92 |   141 ||   233
  Use: Scroll            |       |     3 ||     3
  Eat: Chunk             |     1 |     6 ||     7
Armor: Scale mail        |    14 |       ||    14
       Chain mail        |    39 |    64 ||   103
Dodge: Dodged            |    36 |    32 ||    68
Block: Shield            |    52 |    64 ||   116

Table legend:
 A = Spawn XP
 B = Non-spawn XP
 C = Spawn XP percentage of total XP
 D = Spawn monster count
 E = Non-spawn monster count
 F = Spawn count percentage of total count
 G = Total turns spent on level
                    A         B        C        D         E        F      G
               +---------+---------+-------+---------+---------+-------+---------
         Total |       0 |     326 |   0.0 |       0 |      53 |   0.0 |  3129
               +---------+---------+-------+---------+---------+-------+---------
           D:1 |       0 |      27 |   0.0 |       0 |      13 |   0.0 |   854
           D:2 |       0 |      96 |   0.0 |       0 |      22 |   0.0 |  1188
           D:3 |       0 |      26 |   0.0 |       0 |       7 |   0.0 |   718
           D:4 |       0 |     177 |   0.0 |       0 |      11 |   0.0 |   369
               +---------+---------+-------+---------+---------+-------+---------
